| TOP OF THE 1ST |
|
Durham Bulls batting - Pitching for Omaha Storm Chasers : RHP Justin Nipper
|
|
Pitching: RHP Justin Nipper
|
|
|
Batting: LHB Darryl Gonnella
|
0-0: Ball 1-0: Ball 2-0: Called Strike 2-1: Ball 3-1: Called Strike 3-2: SINGLE (Groundball, 34D, EV 94.4 MPH)
|
|
Batting: RHB Alex Diaz
|
0-0: Ball 1-0: Foul Ball, location: 2F 1-1: Foul Ball, location: 2F 1-2: DOUBLE (Flyball, 8LXD, EV 93.1 MPH) Darryl Gonnella to third
|
|
Batting: LHB Eric Toney
|
0-0: Called Strike 0-1: Fly out, F8 (Flyball, 8RXD, EV 91.9 MPH) Runner from 3rd tags up, SCORES, no throw by CF Alex Diaz to third
|
|
Batting: RHB David Ward
|
0-0: Foul Ball, location: 2F 0-1: Foul Ball, location: 2F 0-2: Fly out, F8 (Flyball, 8RXD, EV 95.6 MPH) Runner from 3rd tags up, SCORES, no throw by CF
|
|
Batting: LHB Davion Lewis
|
0-0: Ball 1-0: Swinging Strike 1-1: Ball 2-1: Foul Ball, location: 2F 2-2: Strikes out swinging
|
| Top of the 1st over - 2 runs, 2 hits, 0 errors, 0 left on base; Durham 2 - Omaha 0 |
| BOTTOM OF THE 1ST |
|
Omaha Storm Chasers batting - Pitching for Durham Bulls : RHP Julian Black
|
|
Pitching: RHP Julian Black
|
|
|
Batting: RHB Yuichi Takata
|
0-0: Called Strike 0-1: Ground out 6-3 (Groundball, 56, EV 106.2 MPH)
|
|
Batting: RHB Adam Martin
|
0-0: Called Strike 0-1: Ball 1-1: Swinging Strike 1-2: Foul Ball, location: 2F 1-2: Strikes out swinging
|
|
Batting: LHB Robby Diaz
|
0-0: Ball 1-0: Ground out 6-3 (Groundball, 6MD, EV 101.2 MPH)
|
| Bottom of the 1st over - 0 runs, 0 hits, 0 errors, 0 left on base; Durham 2 - Omaha 0 |
| TOP OF THE 2ND |
|
Durham Bulls batting - Pitching for Omaha Storm Chasers : RHP Justin Nipper
|
|
Batting: RHB Sesto Carpini
|
0-0: Called Strike 0-1: Fly out, F8 (Line Drive, 8RM, EV 89.4 MPH)
|
|
Batting: RHB James Huddleston
|
0-0: Ball 1-0: Called Strike 1-1: SINGLE (Flyball, 8RS, EV 96.9 MPH)
|
|
Batting: RHB Kevin Benfield
|
0-0: Called Strike James Huddleston steals 2nd base 0-1: Swinging Strike 0-2: Strikes out swinging
|
|
Batting: RHB Roberto Aispuro
|
0-0: Ball 1-0: Fly out, F7 (Line Drive, 78M, EV 97.5 MPH)
|
| Top of the 2nd over - 0 runs, 1 hit, 0 errors, 1 left on base; Durham 2 - Omaha 0 |
| BOTTOM OF THE 2ND |
|
Omaha Storm Chasers batting - Pitching for Durham Bulls : RHP Julian Black
|
|
Batting: RHB Kevin Wimberly
|
0-0: Foul Ball, location: 2F 0-1: Ground out 1-3 (Groundball, 25, EV 68.8 MPH)
|
|
Batting: RHB Ken Postlethwaite
|
0-0: Ball 1-0: Foul Ball, location: 2F 1-1: Called Strike 1-2: Ball 2-2: Foul Ball, location: 2F 2-2: Foul Ball, location: 2F 2-2: Ground out 5-3 (Groundball, 5, EV 102.5 MPH)
|
|
Batting: RHB Chang-keun Baik
|
0-0: Called Strike 0-1: Ball 1-1: Foul Ball, location: 2F 1-2: Strikes out swinging
|
| Bottom of the 2nd over - 0 runs, 0 hits, 0 errors, 0 left on base; Durham 2 - Omaha 0 |
| TOP OF THE 3RD |
|
Durham Bulls batting - Pitching for Omaha Storm Chasers : RHP Justin Nipper
|
|
Batting: LHB Darryl Gonnella
|
0-0: Swinging Strike 0-1: Called Strike 0-2: Strikes out swinging
|
|
Batting: RHB Alex Diaz
|
0-0: Called Strike 0-1: Foul Ball, location: 2F 0-2: Strikes out swinging
|
|
Batting: LHB Eric Toney
|
0-0: Ball 1-0: Called Strike 1-1: Swinging Strike 1-2: Ball 2-2: Ground out 3-1 (Groundball, 34S, EV 84.4 MPH)
|
| Top of the 3rd over - 0 runs, 0 hits, 0 errors, 0 left on base; Durham 2 - Omaha 0 |
| BOTTOM OF THE 3RD |
|
Omaha Storm Chasers batting - Pitching for Durham Bulls : RHP Julian Black
|
|
Batting: SHB Arturo Baez
|
0-0: Called Strike 0-1: Ball 1-1: Ball 2-1: Foul Ball, location: 2F 2-2: Ball 3-2: Strikes out swinging
|
|
Batting: RHB Chad Sullivan
|
0-0: Ball 1-0: Ball 2-0: Called Strike 2-1: Called Strike 2-2: Foul Ball, location: 2F 2-2: Ground out 6-3 (Groundball, 6, EV 88.1 MPH)
|
|
Batting: RHB Jason Birge
|
0-0: Foul Ball, location: 2F 0-1: Ball 1-1: Ground out 6-3 (Groundball, 6, EV 84.4 MPH)
|
| Bottom of the 3rd over - 0 runs, 0 hits, 0 errors, 0 left on base; Durham 2 - Omaha 0 |
| TOP OF THE 4TH |
|
Durham Bulls batting - Pitching for Omaha Storm Chasers : RHP Justin Nipper
|
|
Batting: RHB David Ward
|
0-0: Ball 1-0: Ball 2-0: Foul Ball, location: 2F 2-1: Foul Ball, location: 2F 2-2: Foul Ball, location: 2F 2-2: Hit by Pitch
|
|
Batting: LHB Davion Lewis
|
0-0: Called Strike 0-1: Ground out U3 (Groundball, 3S, EV 76.2 MPH) David Ward to second
|
|
Batting: RHB Sesto Carpini
|
0-0: Called Strike 0-1: Ball 1-1: SINGLE (Groundball, 6MD, EV 95.0 MPH) David Ward to third
|
|
Batting: RHB James Huddleston
|
0-0: Foul Ball, location: 2F 0-1: Foul Ball, location: 2F 0-2: Strikes out swinging
|
|
Batting: RHB Kevin Benfield
|
0-0: Called Strike 0-1: Called Strike 0-2: Ball 1-2: Foul Ball, location: 2F 1-2: Fielders Choice at 2nd, 6-4 (Groundball, 6, EV 80.0 MPH)
|
| Top of the 4th over - 0 runs, 1 hit, 0 errors, 2 left on base; Durham 2 - Omaha 0 |
| BOTTOM OF THE 4TH |
|
Omaha Storm Chasers batting - Pitching for Durham Bulls : RHP Julian Black
|
|
Batting: RHB Yuichi Takata
|
0-0: Called Strike 0-1: Swinging Strike 0-2: Ball 1-2: Ground out 4-3 (Groundball, 4, EV 76.9 MPH)
|
|
Batting: RHB Adam Martin
|
0-0: Ball 1-0: Fly out, F8 (Flyball, 8RXD, EV 103.1 MPH)
|
|
Batting: LHB Robby Diaz
|
0-0: Ground out 4-3 (Groundball, 4, EV 108.1 MPH)
|
| Bottom of the 4th over - 0 runs, 0 hits, 0 errors, 0 left on base; Durham 2 - Omaha 0 |
| TOP OF THE 5TH |
|
Durham Bulls batting - Pitching for Omaha Storm Chasers : RHP Justin Nipper
|
|
Batting: RHB Roberto Aispuro
|
0-0: Called Strike 0-1: Fly out, F9 (Line Drive, 9, EV 94.4 MPH)
|
|
Batting: LHB Darryl Gonnella
|
0-0: Foul Ball, location: 2F 0-1: Ground out U3 (Groundball, 3, EV 82.5 MPH)
|
|
Batting: RHB Alex Diaz
|
0-0: Ball 1-0: Ball 2-0: Called Strike 2-1: Ball 3-1: Swinging Strike 3-2: Foul Ball, location: 2F 3-2: Base on Balls
|
|
Batting: LHB Eric Toney
|
0-0: Ball 1-0: Foul Ball, location: 2F 1-1: Fly out, F7 (Flyball, 7S, EV 94.4 MPH)
|
| Top of the 5th over - 0 runs, 0 hits, 0 errors, 1 left on base; Durham 2 - Omaha 0 |
| BOTTOM OF THE 5TH |
|
Omaha Storm Chasers batting - Pitching for Durham Bulls : RHP Julian Black
|
|
Batting: RHB Kevin Wimberly
|
0-0: Called Strike 0-1: Foul Ball, location: 2F 0-2: Foul Ball, location: 2F 0-2: Ball 1-2: Foul Ball, location: 2F 1-2: Ball 2-2: Ball 3-2: Fly out, F4 (Popup, 34S, EV 80.6 MPH)
|
|
Batting: RHB Ken Postlethwaite
|
0-0: Ground out 5-3 (Groundball, 5, EV 88.8 MPH)
|
|
Batting: RHB Chang-keun Baik
|
0-0: Ball 1-0: Called Strike 1-1: Ground out 6-3 (Groundball, 56, EV 105.6 MPH)
|
| Bottom of the 5th over - 0 runs, 0 hits, 0 errors, 0 left on base; Durham 2 - Omaha 0 |
| TOP OF THE 6TH |
|
Durham Bulls batting - Pitching for Omaha Storm Chasers : RHP Justin Nipper
|
|
Batting: RHB David Ward
|
0-0: Swinging Strike 0-1: Foul Ball, location: 2F 0-2: Ball 1-2: Ground out 4-3 (Groundball, 4, EV 91.2 MPH)
|
|
Batting: LHB Davion Lewis
|
0-0: Foul Ball, location: 2F 0-1: Ball 1-1: Ball 2-1: Ground out 5-3 (Groundball, 56, EV 106.2 MPH)
|
|
Batting: RHB Sesto Carpini
|
0-0: Ball 1-0: Ball 2-0: Ball 3-0: Called Strike 3-1: Base on Balls
|
|
Batting: RHB James Huddleston
|
0-0: Ball 1-0: Called Strike 1-1: Ball 2-1: Fly out, F3 (Popup, 23, EV 85.6 MPH)
|
| Top of the 6th over - 0 runs, 0 hits, 0 errors, 1 left on base; Durham 2 - Omaha 0 |
| BOTTOM OF THE 6TH |
|
Omaha Storm Chasers batting - Pitching for Durham Bulls : RHP Julian Black
|
|
Batting: SHB Arturo Baez
|
0-0: Ball 1-0: Called Strike 1-1: Swinging Strike 1-2: Ball 2-2: Ball 3-2: Strikes out looking
|
|
Batting: RHB Chad Sullivan
|
0-0: Called Strike 0-1: Ball 1-1: Ball 2-1: Foul Ball, location: 2F 2-2: Ground out 3-1 (Groundball, 34, EV 88.1 MPH)
|
|
Batting: RHB Jason Birge
|
0-0: Ground out 5-3 (Groundball, 56S, EV 67.5 MPH)
|
| Bottom of the 6th over - 0 runs, 0 hits, 0 errors, 0 left on base; Durham 2 - Omaha 0 |
| TOP OF THE 7TH |
|
Durham Bulls batting - Pitching for Omaha Storm Chasers : RHP Justin Nipper
|
|
Pitching: RHP Ian Current
|
|
|
Batting: RHB Kevin Benfield
|
0-0: Called Strike 0-1: Ball 1-1: Foul Ball, location: 2F 1-2: Ball 2-2: Strikes out swinging
|
|
Batting: RHB Roberto Aispuro
|
0-0: Foul Ball, location: 2F 0-1: Swinging Strike 0-2: Strikes out swinging
|
|
Batting: LHB Darryl Gonnella
|
0-0: Ball 1-0: Called Strike 1-1: Ball 2-1: Swinging Strike 2-2: Foul Ball, location: 2F 2-2: Ball 3-2: Foul Ball, location: 2F 3-2: Strikes out swinging
|
| Top of the 7th over - 0 runs, 0 hits, 0 errors, 0 left on base; Durham 2 - Omaha 0 |
| BOTTOM OF THE 7TH |
|
Omaha Storm Chasers batting - Pitching for Durham Bulls : RHP Julian Black
|
|
Batting: RHB Yuichi Takata
|
0-0: Ball 1-0: Ground out 6-3 (Groundball, 4MD, EV 105.6 MPH)
|
|
Batting: RHB Adam Martin
|
0-0: SINGLE (Groundball, 56S, EV 68.8 MPH) (infield hit)
|
|
Batting: LHB Robby Diaz
|
0-0: Ball 1-0: DOUBLE (Line Drive, 9LM, EV 108.8 MPH) Adam Martin to third Runner from 3rd tries for Home, SAFE, throw by RF to trailing runner, SAFE at third!
|
|
Batting: RHB Kevin Wimberly
|
0-0: Called Strike 0-1: Ball 1-1: Ball 2-1: Ground out 4-3 (Groundball, 4, EV 88.1 MPH)
|
|
Batting: RHB Ken Postlethwaite
|
0-0: Ground out 5-3 (Groundball, 56S, EV 75.6 MPH)
|
| Bottom of the 7th over - 1 run, 2 hits, 0 errors, 1 left on base; Durham 2 - Omaha 1 |
| TOP OF THE 8TH |
|
Durham Bulls batting - Pitching for Omaha Storm Chasers : RHP Ian Current
|
|
Pitching: LHP Walter Whiteman
|
|
|
Batting: RHB Alex Diaz
|
0-0: Called Strike 0-1: Foul Ball, location: 2F 0-2: Ground out 4-3 (Groundball, 6M, EV 90.0 MPH)
|
|
Batting: LHB Eric Toney
|
0-0: Called Strike 0-1: Fly out, F7 (Flyball, 78M, EV 88.8 MPH)
|
|
Batting: RHB David Ward
|
0-0: Called Strike 0-1: Ball 1-1: Ball 2-1: Foul Ball, location: 2F 2-2: Strikes out swinging
|
| Top of the 8th over - 0 runs, 0 hits, 0 errors, 0 left on base; Durham 2 - Omaha 1 |
| BOTTOM OF THE 8TH |
|
Omaha Storm Chasers batting - Pitching for Durham Bulls : RHP Julian Black
|
|
Batting: RHB Chang-keun Baik
|
0-0: Ball 1-0: Swinging Strike 1-1: Foul Ball, location: 2F 1-2: Ball 2-2: SINGLE (Line Drive, 4D, EV 108.8 MPH)
|
|
Batting: SHB Arturo Baez
|
0-0: Ball 1-0: Bunted foul 1-1: Bunted foul 1-2: Ball 2-2: Strikes out looking
|
|
Pinch Hitting: RHB Taisei Fujii
|
0-0: Called Strike 0-1: SINGLE (Line Drive, 78S, EV 108.1 MPH) Chang-keun Baik to second
|
|
Pinch Runner at 2nd Ryoji Hiraoka:
|
|
|
Batting: RHB Jason Birge
|
0-0: Fly out, F8 (Line Drive, 8RD, EV 86.9 MPH)
|
|
Batting: RHB Yuichi Takata
|
0-0: Fly out, F9 (Flyball, 9D, EV 82.5 MPH)
|
| Bottom of the 8th over - 0 runs, 2 hits, 0 errors, 2 left on base; Durham 2 - Omaha 1 |
| TOP OF THE 9TH |
|
Durham Bulls batting - Pitching for Omaha Storm Chasers : LHP Walter Whiteman
|
|
Now at 1B: Taisei Fujii
|
|
|
Now in LF: Ryoji Hiraoka
|
|
|
Now in RF: Kevin Wimberly
|
|
|
Pinch Hitting: RHB Jose Arriola
|
0-0: Ball 1-0: Foul Ball, location: 2F 1-1: SINGLE (Line Drive, 6M, EV 96.9 MPH)
|
|
Batting: RHB Sesto Carpini
|
0-0: Called Strike 0-1: Swinging Strike 0-2: Ball 1-2: Ball 2-2: Ball 3-2: Strikes out looking
|
|
Batting: RHB James Huddleston
|
0-0: Called Strike Jose Arriola is caught stealing 2nd base 2-4 0-1: Fly out, F4 (Popup, 4D, EV 64.4 MPH)
|
| Top of the 9th over - 0 runs, 1 hit, 0 errors, 0 left on base; Durham 2 - Omaha 1 |
| BOTTOM OF THE 9TH |
|
Omaha Storm Chasers batting - Pitching for Durham Bulls : RHP Julian Black
|
|
Pitching: RHP Cody Wilharm
|
|
|
Now in LF: Darryl Gonnella
|
|
|
Now in RF: Antonio Pacheco
|
|
|
Batting: RHB Adam Martin
|
0-0: SOLO HOME RUN (Flyball, 78XD, EV 105.6 MPH), Distance : 406 ft
|
|
Batting: LHB Robby Diaz
|
0-0: Called Strike 0-1: Called Strike 0-2: Ball 1-2: SINGLE (Groundball, 4MD, EV 98.1 MPH)
|
|
Batting: RHB Kevin Wimberly
|
0-0: Ball 1-0: Foul Ball, location: 2F 1-1: Ball 2-1: Ball 3-1: Foul Ball, location: 2F 3-2: Base on Balls Robby Diaz to second
|
|
Pinch Runner at 2nd Kazuki Arai:
|
|
|
Batting: RHB Ken Postlethwaite
|
0-0: Ball 1-0: Called Strike 1-1: SINGLE (Groundball, 56D, EV 111.2 MPH) Kazuki Arai to third Kevin Wimberly to second
|
|
Batting: SHB Ryoji Hiraoka
|
0-0: Ball 1-0: Ball 2-0: Ball 3-0: Called Strike 3-1: Foul Ball, location: 2F 3-2: Base on Balls Kazuki Arai scores Kevin Wimberly to third Ken Postlethwaite to second
|
| Bottom of the 9th over - 2 runs, 3 hits, 0 errors, 3 left on base; Durham 2 - Omaha 3 |
|